Map: Néo-Gettysburg EC

Players

Dudu

  • Race: Protoss Protoss
  • Spawn Location: 7:00

zidar - Winner!

  • Race: Zerg Zerg
  • League: Platinum
  • Spawn Location: 5:00

VOD

Have the link to the VOD?

Description

Time

  • Played on: Nov. 7, 2016, 2 p.m.
  • Length: 4:12
Show
View Real Time Build Order
Export as new Build Order

Dudu Protoss 

Build Orders:  

Get SALT Encoding   

  12  0:01  Probe (Chrono Boost)  
  13  0:12  Probe (Chrono Boost)  
  14  0:20  Pylon  
  14  0:22  Probe (Chrono Boost)  
  15  0:38  Probe (Chrono Boost)  
  15  0:40  Gateway  
  16  0:49  Probe (Chrono Boost)  
  17  0:52  Assimilator  
  17  0:59  Probe (Chrono Boost)  
  18  1:10  Probe (Chrono Boost)  
  19  1:20  Probe (Chrono Boost)  
  20  1:28  Cybernetics Core  
  20  1:32  Pylon  
  20  1:34  Probe (Chrono Boost), Zealot (Chrono Boost)  
  23  1:46  Gateway  
  23  1:50  Probe (Chrono Boost)  
  24  2:01  Probe  
  24  2:05  Warp Gate (Chrono Boost)  
  25  2:11  Stalker  
  27  2:20  Probe  
  28  2:30  Nexus  
  28  2:37  Pylon  
  28  2:39  Probe  
  29  2:51  Probe  
  30  3:03  Probe  
  30  3:07  Sentry  
  30  3:09  Stalker  
  34  3:13  Assimilator  
  34  3:15  Probe  
  35  3:22  Forge  
  35  3:31  Probe  
  36  3:41  Probe  
  36  3:45  Probe  
  27  4:04  Pylon  
Show
View Real Time Build Order
Export as new Build Order

zidar Zerg - Winner!

Build Orders: Hatch First 

Get SALT Encoding   

  12  0:01  Drone  
  13  0:13  Overlord  
  13  0:18  Drone  
  14  0:31  Drone x2  
  16  0:51  Hatchery  
  16  0:53  Drone  
  16  1:05  Extractor  
  16  1:09  Drone  
  16  1:19  Spawning Pool  
  15  1:27  Drone  
  16  1:36  Drone x2  
  16  1:39  Drone  
  19  2:06  Queen x2  
  23  2:09  Metabolic Boost  
  23  2:12  Zergling x2  
  23  2:15  Zergling x2  
  25  2:18  Zergling x2  
  25  2:22  Zergling x2  
  26  2:34  Overlord  
  26  2:40  Zergling x4  
  28  2:58  Zergling x10  
  33  3:08  Spore Crawler  
  32  3:21  Spore Crawler  
  32  3:23  Zergling x8  
  35  3:35  Overlord  
Tags
 
Add a new tag
Caveats
  • Supply blocks, unpowered buildings, or Contaminate may cause inaccurate times.
  • Supply counts are checked every 10 seconds.